Map: Ephemeron LE

Players

DawsonRyder

  • Race: Protoss Protoss
  • League: Diamond
  • Spawn Location: 5:00

Flarencio - Winner!

  • Race: Terran Terran
  • League: Diamond
  • Spawn Location: 11:00

VOD

Have the link to the VOD?

Description

Time

  • Played on: Aug. 25, 2019, 7:23 a.m.
  • Length: 21:21
Show
View Real Time Build Order
Export as new Build Order

DawsonRyder Protoss 

Build Orders: Blink Stalkers 

Get SALT Encoding   

  12  0:01  Probe  
  13  0:13  Probe  
  14  0:18  Pylon  
  14  0:25  Probe  
  15  0:36  Probe  
  15  0:37  Gateway  
  16  0:44  Probe  
  17  0:51  Assimilator  
  17  0:54  Probe  
  18  1:06  Probe  
  19  1:18  Probe  
  20  1:25  Cybernetics Core  
  20  1:30  Probe, Assimilator  
  20  1:31  Pylon  
  21  1:42  Pylon, Probe  
  22  1:51  Stalker  
  22  1:55  Probe  
  25  2:03  Warp Gate  
  25  2:09  Probe  
  25  2:12  Gateway  
  26  2:22  Stalker  
  28  2:40  Twilight Council  
  28  2:46  Gateway  
  28  2:47  Gateway  
  28  2:53  Pylon  
  28  3:09  Blink  
  28  3:54  Stalker x3  
  28  3:55  Stalker  
  22  4:26  Stalker x3  
  22  4:27  Stalker  
Show
View Real Time Build Order
Export as new Build Order

Flarencio Terran - Winner!

Build Orders: Reaper Expand 

Get SALT Encoding   

  12  0:02  SCV  
  13  0:14  SCV  
  14  0:17  Supply Depot  
  14  0:28  SCV  
  15  0:40  SCV  
  15  0:42  Refinery  
  16  0:47  Barracks  
  16  0:53  SCV  
  17  1:27  Command Center  
  17  1:39  Refinery, Reaper  
  18  1:57  Engineering Bay  
  18  2:04  SCV  
  19  2:11  Reaper  
  20  2:27  SCV  
  21  2:52  SCV  
  21  2:53  Reaper  
  22  3:17  Planetary Fortress  
  22  3:31  Orbital Command  
  21  3:42  Barracks Tech Lab  
  21  3:44  Factory  
  21  3:55  SCV  
  22  4:10  SCV  
  22  4:12  Reaper  
  21  4:20  Barracks  
  13  4:32  SCV  
  13  4:35  Hi-Sec Auto Tracking  
  9  5:05  Command Center  
  9  5:10  Reaper  
  11  5:51  Bunker  
  11  6:08  Refinery  
  11  6:09  Marine  
  10  6:27  Marine  
  11  6:45  Marine  
  8  7:53  Marine  
  5  8:56  Marine  
  5  9:23  SCV  
  5  9:30  Reaper  
  3  12:03  Reaper  
  2  13:16  Reaper  
Tags
 
Add a new tag
Caveats
  • Supply blocks, unpowered buildings, or Contaminate may cause inaccurate times.
  • Supply counts are checked every 10 seconds.